 Dungeon Crawl Stone Soup version 0.30-a0-1112-gfb780f5df6 (webtiles) character file.

Game seed: 9217398429364737939

46 qeuew the Magician (level 3, 0/19 HPs)
             Began as a Deep Elf Hedge Wizard on Apr 19, 2023.
             Slain by a jackal (2 damage)
             ... on level 2 of the Dungeon.
             The game lasted 00:02:52 (1532 turns).

qeuew the Magician (Deep Elf Hedge Wizard)          Turns: 1532, Time: 00:02:52

Health: 0/19       AC:  2    Str:  7    XL:     3   Next: 46%
Magic:  0/11       EV: 12    Int: 20    God:
Gold:   36         SH:  0    Dex: 14    Spells: 5/11 levels left

rFire   + . .      SeeInvis .    a - +0 dagger (vamp)
rCold   . . .      Faith    .    (no shield)
rNeg    . . .      Spirit   .    b - +0 robe
rPois   .          Reflect  .    c - +0 hat
rElec   .          Rampage  .    (no cloak)
rCorr   .                        (no gloves)
Will    .....                    (no boots)
Stlth   ++                       (no amulet)
HPRegen 0.23/turn                g - ring of protection from fire
MPRegen 0.12/turn                (no ring)

@: no status effects
A: no striking features
a: no special abilities


You were on level 2 of the Dungeon.
You visited 1 branch of the dungeon, and saw 2 of its levels.

You collected 36 gold pieces.

Inventory:

Hand Weapons
 a - a +0 vampiric dagger (weapon)
Armour
 b - a +0 robe (worn)
 c - a +0 hat (worn)
Jewellery
 g - a ring of protection from fire (left hand)
Potions
 d - a potion of magic


   Skills:
 + Level 0.9 Short Blades
 + Level 2.8 Dodging
 * Level 3.0 Stealth
 * Level 4.7 Spellcasting
 * Level 1.7 Conjurations
 + Level 1.5 Summonings
 + Level 1.6 Translocations
 + Level 0.0 Earth Magic


You had 5 spell levels left.
You knew the following spells:

 Your Spells              Type           Power      Damage    Failure   Level
a - Magic Dart            Conj           44%        1d5       6%          1
b - Call Imp              Summ           22%        N/A       10%         2
c - Stone Arrow           Conj/Erth      16%        3d8       24%         3

Your spell library contained the following spells:

 Spells                   Type           Power      Damage    Failure   Level
 Blink                    Tloc           22%        N/A       9%          2
 Sandblast                Erth           10%        2d5       12%         1
 Slow                     Hex            16%        N/A       12%         1
 Cigotuvi's Dreadful Rot  Necr/Pois/Air  8%         N/A       19%         2
 Passwall                 Tmut/Erth      3%         N/A       19%         2
 Portal Projectile        Hex/Tloc       16%        N/A       26%         3
 Mephitic Cloud           Conj/Pois/Air  7%         N/A       28%         3
 Tukima's Dance           Hex            4%         N/A       34%         3
 Blade Hands              Tmut           2%         N/A       97%         5


Dungeon Overview and Level Annotations

Branches:
Dungeon (2/15)

Altars:

Shops:
D:2 ((


Message History

* * * LOW HITPOINT WARNING * * *
The jackal misses you. What are your orders? t - Shout!
Orders for allies: a - Attack new target. r - Retreat! s - Stop attacking. g - Guard the area. f - Follow me.
Anything else - Cancel.
Gang up on whom?
Press: ? - help, Dir - move target, f - jackal
Aim: a jackal (moderately wounded, ally target) Attack!
Your cerulean imp completely misses the jackal.
The jackal closely misses you.
Unknown command.
What are your orders? t - Shout!
Orders for allies: a - Attack new target. p - Attack previous target. r - Retreat! s - Stop attacking. g - Guard the area. f - Follow me.
Anything else - Cancel.
Gang up on whom?
Press: ? - help, Dir - move target, f/p - jackal
Aim: a jackal (moderately wounded, ally target) Attack!
The jackal bites you.
* * * LOW HITPOINT WARNING * * *
Your cerulean imp closely misses the jackal.
Unknown command.
Okay, then.
You aren't carrying any scrolls.
Unknown command.
Aiming: Magic Dart (safe; 6% risk of failure)
Press: ? - help, Q - select action, (/) - cycle Shift-Dir - straight line, f/p - jackal
Aim: a jackal (moderately wounded, ally target, 100% to hit)
The magic dart hits the jackal.
The jackal is severely wounded.
The jackal bites you but does no damage.
Your cerulean imp closely misses the jackal.
The jackal bites you.
You die...

#..†.. #.##.. ####.##.# ##
#### ........# #.≈ ..#
#...≈..
....###.##########..≈.≈§
.∩.........##.......#.≈...≈
..... ..#.........#.#≈..∩..
.... #.##@##.###.#.#.≈..§§
....##.##h##.##..#.#..≈§§§
#.....)h##.##.##.#...≈§.
##....5###.##.##.....###
#.....# #.......#####
#.....# ####.#### #.....#
#.# #.†...# #.# #........
#.#


You could see 2 jackals and a friendly cerulean imp (summoned).

Vanquished Creatures
  A worm (D:2)
  3 ball pythons
  6 endoplasms
  2 giant cockroaches (D:1)
  2 goblins (D:1)
  4 hobgoblins (D:1)
  2 jackals (D:2)
  9 kobolds
  A quokka (D:1)
  A bat (D:1)
  A frilled lizard (D:1)
  3 rats (D:1)
35 creatures vanquished.

Vanquished Creatures (others)
  5 plants (D:2)
5 creatures vanquished.

Grand Total: 40 creatures vanquished

Notes
Turn   | Place    | Note
-------+----------+-------------------------------------------
     0 | D:1      | qeuew the Deep Elf Hedge Wizard began the quest for the
                  | Orb.
     0 | D:1      | Reached XP level 1. HP: 10/10 MP: 7/7
   189 | D:1      | Reached XP level 2. HP: 3/15 MP: 1/9
   197 | D:1      | Learned a level 2 spell: Call Imp
   957 | D:1      | Reached XP level 3. HP: 19/19 MP: 8/11
  1275 | D:1      | Learned a level 3 spell: Stone Arrow
  1424 | D:2      | Found Ceunon's Antique Weapon Emporium.
  1509 | D:2      | Found Qijypris's Antique Weapon Emporium.
  1532 | D:2      | Slain by a jackal

Illustrated notes

Levels and vault maps discovered:
D:1:      matt_arrival_diagonals, layout_loops_ring,
          chequers_serial_rivers_small_b, st_stairs_1
D:2:      layout_loops_cross, serial_shops, shop, nicolae_shop_tiny_waterfront,
          nicolae_shop_stone, nicolae_diamond_shop, serial_bayou_pond_c,
          uniq_natasha, uniq_crazy_yiuf_cottage, uniq_terence

Skill      XL: |  1  2  3 |
---------------+----------+-----
Stealth        | 3 |  3.0
Short Blades   | |  0.9
Dodging        | |  2.8
Spellcasting   | |  4.7
Conjurations   | |  1.7
Summonings     | |  1.5
Translocations | |  1.6

Action                     || total
---------------------------++-------
  Melee: Dagger            ||    21
         Punch             ||     1
   Cast: Magic Dart        ||    96
         Call Imp          ||     1
    Use: Scroll            ||     4
         Potion            ||     3
 Armour: Robe              ||     5
  Dodge: Dodged            ||    31

Table legend: (Time is in decaauts)
 A = Elapsed time spent in this place.
 B = Non-inter-level travel time spent in this place.
 C = Inter-level travel time spent in this place.
 D = Time resting spent in this place.
 E = Time spent auto-exploring this place.
 F = Levels seen in this place.
 G = Mean time per level.
                   A        B        C        D        E       F      G
               +--------+--------+--------+--------+--------+-----+--------+
         Total |   1532 |   1489 |     43 |      0 |   1284 |   2 |  766.0 |
       Dungeon |   1532 |   1489 |     43 |      0 |   1284 |   2 |  766.0 |
               +--------+--------+--------+--------+--------+-----+--------+

Top non-repeatable levels by time:
     D:1: 1321 daAuts
     D:2: 210 daAuts
